AoeStats
← SC_Dead Rabbit "The original"

Oasis

508790750Analyzed
4v4 RM · 9d ago on Sep 24, 2026· 49m 54s· 8 players
Game mode
Random Map
Map size
Large (8 player)
Population
200
Speed
Normal
Resources
Standard
Victory
Conquest
Starting age
Dark Age
Ending age
Imperial Age
RankedLock teamsTeams togetherTeam positionsShared explorationLock speedFull tech treeHidden civsTurbo modeCheats
Victory
Defeat
🇦🇺 Chinese · Australia
1066
+16
🇺🇸 Tatars · United States
1031
+17
🇺🇸 Hindustanis · United States
1027
+17
🇧🇷 Britons · Brazil
1009
+18
🇦🇷 Britons · Argentina
1172
-21
🇲🇽 Cumans · Mexico
1122
-20
977
-14
🇦🇷 Spanish · Argentina
956
-13
Lo Elo Dummy
10:22 Feudal Age
10:38 Feudal Age
14:41 Castle Age
13:43 Double-Bit Axe
16:51 Bow Saw
17:30 Horse Collar
20:57 Gold Mining
24:57 Heavy Plow
25:38 Wheelbarrow
27:41 Imperial Age
26:23 Forging
26:18 Scale Barding Armor
26:27 Stone Mining
26:25 Town Watch
26:46 Husbandry
27:25 Bloodlines
28:00 Heavy Camel Rider
30:27 Hand Cart
30:16 Town Patrol
30:57 Gold Shaft Mining
33:01 Two-Man Saw
33:14 Imperial Camel Rider
34:24 Caravan
36:07 Iron Casting
36:10 Ballistics
37:31 Chain Barding Armor
38:46 Blast Furnace
39:26 Plate Barding Armor
41:46 Fletching
41:57 Padded Archer Armor
42:31 Elite Skirmisher
43:16 Thumb Ring
48:10 Conscription
48:02 Grand Trunk Road
RecedingWoodLine
12:33 Feudal Age
16:22 Castle Age
15:32 Double-Bit Axe
15:29 Horse Collar
26:43 Fletching
27:44 Bodkin Arrow
28:06 Loom
28:57 Wheelbarrow
28:08 Town Watch
30:25 Masonry
30:28 Fortified Wall
34:57 Imperial Age
33:44 Bloodlines
33:34 Husbandry
33:36 Padded Archer Armor
34:48 Leather Archer Armor
36:37 Heavy Cavalry Archer
38:27 Bracer
38:58 Ring Archer Armor
39:15 Siege Engineers
39:31 Ballistics
40:12 Chemistry
39:18 Caravan
42:09 Hand Cart
42:11 Masonry
42:21 Silk Armor
42:42 Conscription
43:23 Forging
43:15 Scale Mail Armor
44:42 Town Patrol
49:36 Iron Casting
49:46 Timurid Siegecraft
★ Zuka1
2:34 Loom
9:43 Feudal Age
20:16 Double-Bit Axe
20:15 Horse Collar
20:27 Gold Mining
22:12 Scale Barding Armor
22:17 Forging
22:01 Fletching
22:11 Padded Archer Armor
27:07 Castle Age
27:29 Crossbowman
28:18 Bodkin Arrow
29:58 Wheelbarrow
29:08 Town Watch
30:04 Bow Saw
29:55 Heavy Plow
30:33 Gold Shaft Mining
32:15 Stone Mining
32:46 Elite Skirmisher
37:21 Leather Archer Armor
41:24 Imperial Age
39:10 Hand Cart
38:55 Town Patrol
39:16 Caravan
39:46 Coinage
40:15 Ballistics
41:28 Arbalester
41:31 Elite Longbowman
42:48 Yeomen
43:52 Arbalester
45:12 Bracer
45:43 Ring Archer Armor
46:19 Chemistry
48:45 Two-Man Saw
Nibbles
0:34 Loom
11:04 Feudal Age
12:42 Double-Bit Axe
12:51 Horse Collar
15:33 Castle Age
17:12 Wheelbarrow
16:53 Bow Saw
23:22 Heavy Plow
25:14 Gold Mining
25:14 Stone Mining
25:14 Gold Mining
27:38 Bloodlines
27:28 Husbandry
32:33 Imperial Age
30:21 Hand Cart
31:29 Coinage
31:00 Caravan
30:59 Fletching
31:15 Scale Barding Armor
31:44 Town Watch
33:06 Great Wall
33:53 Conscription
33:24 Elite Fire Lancer
34:04 Squires
33:50 Arson
35:02 Banking
35:59 Two-Man Saw
35:09 Bodkin Arrow
35:15 Padded Archer Armor
34:48 Heavy Scorpion
35:48 Thumb Ring
36:43 Ballistics
36:20 Murder Holes
36:36 Masonry
36:03 Capped Ram
36:13 Elite Skirmisher
37:40 Guard Tower
38:51 Chemistry
39:55 Leather Archer Armor
40:11 Bracer
42:11 Siege Ram
44:06 Keep
GdN_Mancaji
3:49 Loom
9:44 Feudal Age
11:23 Wheelbarrow
10:49 Double-Bit Axe
12:07 Horse Collar
15:00 Town Watch
21:28 Castle Age
22:06 Gold Mining
22:19 Heavy Plow
22:32 Bow Saw
22:42 Scale Barding Armor
22:48 Forging
24:27 Chain Barding Armor
28:43 Gold Shaft Mining
33:05 Imperial Age
34:18 Iron Casting
33:28 Elite Steppe Lancer
35:27 Conscription
42:11 Padded Archer Armor
42:04 Fletching
42:15 Heavy Cavalry Archer
43:24 Parthian Tactics
43:44 Thumb Ring
43:58 Hand Cart
43:44 Town Patrol
44:06 Leather Archer Armor
43:48 Bodkin Arrow
44:28 Plate Barding Armor
46:24 Pikeman
47:04 Squires
46:50 Arson
MAX POWER
10:43 Feudal Age
14:50 Castle Age
14:29 Double-Bit Axe
15:00 Horse Collar
15:06 Loom
24:45 Fletching
24:56 Padded Archer Armor
25:47 Bodkin Arrow
27:16 Padded Archer Armor
27:19 Gold Mining
28:05 Wheelbarrow
30:11 Ballistics
34:15 Imperial Age
32:07 Hand Cart
33:12 Town Watch
35:06 Yeomen
35:59 Conscription
35:52 Bracer
36:08 Leather Archer Armor
36:05 Elite Longbowman
38:47 Ring Archer Armor
38:34 Warwolf
41:16 Chemistry
LUCA-14
8:53 Loom
11:11 Feudal Age
21:26 Town Watch
23:37 Fletching
29:49 Double-Bit Axe
43:08 Stone Mining
SC_Dead Rabbit "The original"
0:32 Loom
12:29 Feudal Age
14:42 Double-Bit Axe
20:19 Castle Age
19:15 Gold Mining
19:09 Horse Collar
22:29 Eagle Warrior
23:58 Squires
23:44 Arson
27:02 Bow Saw
28:20 Heavy Plow
31:11 Forging
31:01 Scale Mail Armor
31:22 Town Watch
33:29 Fortified Wall
39:36 Pikeman
41:01 Chain Mail Armor
43:29 Imperial Age
41:38 Wheelbarrow
41:46 Stone Mining
43:42 Pikeman
44:26 Fletching
45:13 Iron Casting
44:09 Elite Eagle Warrior
Connection lost

Rejoining the realm…

Still unreachable

The connection could not be restored.

Session expired

The server has moved on; the page needs a fresh start.